 Dungeon Crawl Stone Soup version 0.26-a0-540-g8a0c9464d7 (webtiles) character file.

Game seed: 12603411440426024752

181 vurker the Grave Robber (level 5, -2/37 HPs)
             Began as a Gnoll Necromancer on Aug 24, 2020.
             Was an Initiate of Cheibriados.
             Slain by a gnoll sergeant
             ... wielding a +1 spear of flaming
              (3 damage)
             ... on level 3 of the Dungeon.
             The game lasted 00:04:01 (3310 turns).

vurker the Grave Robber (Gnoll Necromancer)         Turns: 3310, Time: 00:04:02

Health: -2/37      AC: 11    Str: 10 (11) XL:     5   Next: 61%
Magic:  12/12      EV:  5    Int: 17 (20) God:    Cheibriados [......]
Gold:   155        SH:  6    Dex: 15 (16) Spells: 13/14 levels left

rFire    . . .     SeeInvis .   b - +0 short sword
rCold    . . .     Faith    .   a - +2 buckler
rNeg     . . .     Spirit   .   j - +0 chain mail
rPois    .         Reflect  .   q - +2 hat {MR+}
rElec    .         Harm     .   (no cloak)
rCorr    .         Rnd*Rage +   (no gloves)
MR       +....                  (no boots)
Stlth    +.........             i - amulet of regeneration
HPRegen  0.52/turn              k - ring of stealth
MPRegen  0.13/turn              p - +4 ring of protection

@: stab, very slow
A: distributed training, fangs 1, berserk 1, deformed body, shaggy fur 1, strong
nose
a: Bend Time, Renounce Religion


You were on level 3 of the Dungeon.
You worshipped Cheibriados.
Cheibriados was noncommittal.
You visited 1 branch of the dungeon, and saw 4 of its levels.

You collected 155 gold pieces.

Inventory:

Hand Weapons
 b - a +0 short sword (weapon)
   (You took it off a kobold on level 1 of the Dungeon)
Armour
 a - a +2 buckler (worn)
   (You found it on level 4 of the Dungeon)
 j - a +0 chain mail (worn)
   (You found it on level 2 of the Dungeon)
 m - a +0 helmet of intelligence
   (You found it on level 2 of the Dungeon)
 q - a +2 hat of magic resistance (worn)
   (You found it on level 4 of the Dungeon)
Jewellery
 i - an amulet of regeneration (around neck)
   (You found it on level 2 of the Dungeon)
 k - a ring of stealth (left hand)
   (You found it on level 2 of the Dungeon)
 p - a +4 ring of protection (right hand)
   (You found it on level 4 of the Dungeon)
Scrolls
 f - 2 scrolls of identify
 g - 2 scrolls of fog
 h - a scroll of teleportation {unknown}
 l - 2 scrolls of remove curse
 r - a scroll of blinking
Potions
 c - a potion of degeneration
 d - a potion of invisibility {unknown}
 e - 2 potions of flight
 n - a potion of mutation
 s - a potion of curing {unknown}


   Skills:
 + Level 1.5 Fighting
 + Level 1.5 Short Blades
 + Level 1.5 Long Blades
 + Level 1.5 Axes
 + Level 1.5 Maces & Flails
 + Level 1.5 Polearms
 + Level 1.5 Staves
 + Level 1.5 Slings
 + Level 1.5 Bows
 + Level 1.5 Crossbows
 + Level 1.5 Throwing
 + Level 1.5 Armour
 + Level 4.8 Dodging
 + Level 4.4 Stealth
 + Level 1.5 Shields
 + Level 1.5 Unarmed Combat
 + Level 5.2 Spellcasting
 + Level 1.2 Conjurations
 + Level 1.2 Hexes
 + Level 1.2 Summonings
 + Level 7.2 Necromancy
 + Level 1.2 Translocations
 + Level 1.2 Transmutations
 + Level 1.2 Fire Magic
 + Level 1.2 Ice Magic
 + Level 1.2 Air Magic
 + Level 1.2 Earth Magic
 + Level 1.2 Poison Magic
 + Level 1.7 Invocations
 + Level 1.5 Evocations


You had 13 spell levels left.
You knew the following spells:

 Your Spells              Type           Power        Failure   Level
a - Pain                  Necr           ####         58%         1

Your spell library contained the following spells:

 Spells                   Type           Power        Failure   Level
 Animate Skeleton         Necr           ####..       58%         1
 Vampiric Draining        Necr           ####......   92%         3
 Animate Dead             Necr           ####......   100%        4
 Agony                    Necr           ####....     100%        5


Dungeon Overview and Level Annotations

Branches:
Dungeon (4/15)
 Temple: D:4-7

Altars:
Cheibriados
Gozag
Makhleb
Ru

Annotations:
D:4 3 runed translucent doors


Innate Abilities, Weirdness & Mutations

Your experience applies equally to all skills.
You have very sharp teeth.
Your uncanny sense of smell can sniff out nearby items.
You tend to lose your temper in combat.
Armour fits poorly on your strangely shaped body.
You are covered in fur. (AC +1)


Message History

The gnoll sergeant hits you but does no damage.
You barely miss the gnoll sergeant. You bite the gnoll sergeant.
The gnoll sergeant hits you but does no damage.
You hit the gnoll sergeant. You block the gnoll sergeant's attack.
You hit the gnoll sergeant but do no damage.
The gnoll sergeant hits you with a +1 spear of flaming.
The gnoll sergeant burns you.
You hit the gnoll sergeant.
The gnoll sergeant hits you but does no damage.
You hit the gnoll sergeant but do no damage.
The gnoll sergeant hits you with a +1 spear of flaming.
The gnoll sergeant burns you.
You hit the gnoll sergeant but do no damage.
The gnoll sergeant hits you but does no damage.
You barely miss the gnoll sergeant.
The gnoll sergeant hits you with a +1 spear of flaming.
The gnoll sergeant burns you.
You hit the gnoll sergeant but do no damage.
The gnoll sergeant hits you with a +1 spear of flaming.
* * * LOW HITPOINT WARNING * * *
The gnoll sergeant burns you.
* * * LOW HITPOINT WARNING * * *
You hit the gnoll sergeant but do no damage.
The gnoll sergeant hits you but does no damage.
You hit the gnoll sergeant. The gnoll sergeant barely misses you.
You hit the gnoll sergeant but do no damage.
The gnoll sergeant hits you with a +1 spear of flaming.
* * * LOW HITPOINT WARNING * * *
The gnoll sergeant burns you.
* * * LOW HITPOINT WARNING * * *
You hit the gnoll sergeant but do no damage.
You bite the gnoll sergeant, but do no damage.
The gnoll sergeant hits you with a +1 spear of flaming.
* * * LOW HITPOINT WARNING * * *
The gnoll sergeant burns you.
* * * LOW HITPOINT WARNING * * *
It was a potion of degeneration.
There was something very wrong with that liquid.
You feel weakened.
You feel dopey.
You feel clumsy.
The gnoll sergeant hits you but does no damage.
It was a potion of mutation.
You feel extremely strange.
You feel a little pissed off.
Your body twists and deforms.
Fur sprouts all over your body.
The gnoll sergeant hits you but does no damage.
It was a potion of stabbing.
You feel ready to backstab.
The gnoll sergeant hits you with a +1 spear of flaming.
* * * LOW HITPOINT WARNING * * *
The gnoll sergeant burns you.
You die...

######### ≈(.#....#
.≈......# ≈..#....#
.≈.#....##################
≈..'............@g.......#
#..#.....###############.#
##.#####.# #.#
##.#####.###############.##
............÷.............#
...#####.##################
...# #.# .(.# #.# ...# #.##


You could see a gnoll sergeant.

Vanquished Creatures
  A hound (D:4)
  A worker ant (D:4)
  3 gnolls (D:2)
  A howler monkey skeleton (D:4)
  2 adders
  A shadow imp (D:4)
  A dart slug (D:3)
  9 leopard geckos
  2 orcs (D:3)
  A giant cockroach (D:2)
  6 goblins
  4 hobgoblins
  2 quokkas (D:3)
  A ball python (D:3)
  4 bats
  6 frilled lizards
  7 kobolds
  4 rats
56 creatures vanquished.

Notes
Turn   | Place    | Note
-------+----------+-------------------------------------------
     0 | D:1      | vurker the Gnoll Necromancer began the quest for the Orb.
     0 | D:1      | Reached XP level 1. HP: 13/13 MP: 6/6
    95 | D:1      | Reached XP level 2. HP: 11/19 MP: 7/7
   742 | D:1      | Reached XP level 3. HP: 24/25 MP: 6/9
   813 | D:1      | Reached skill level 5 in Spellcasting
  1130 | D:2      | Reached skill level 1 in Invocations
  1135 | D:2      | Reached skill level 1 in Fighting
  1135 | D:2      | Reached skill level 1 in Short Blades
  1135 | D:2      | Reached skill level 1 in Long Blades
  1135 | D:2      | Reached skill level 1 in Axes
  1135 | D:2      | Reached skill level 1 in Maces & Flails
  1135 | D:2      | Reached skill level 1 in Polearms
  1135 | D:2      | Reached skill level 1 in Staves
  1135 | D:2      | Reached skill level 1 in Slings
  1135 | D:2      | Reached skill level 1 in Bows
  1135 | D:2      | Reached skill level 1 in Crossbows
  1135 | D:2      | Reached skill level 1 in Throwing
  1135 | D:2      | Reached skill level 1 in Armour
  1135 | D:2      | Reached skill level 1 in Shields
  1135 | D:2      | Reached skill level 1 in Unarmed Combat
  1135 | D:2      | Reached skill level 1 in Evocations
  1135 | D:2      | Reached XP level 4. HP: 16/32 MP: 1/11
  1404 | D:2      | Found a burning altar of Makhleb.
  2068 | D:3      | Reached skill level 1 in Conjurations
  2068 | D:3      | Reached skill level 1 in Hexes
  2068 | D:3      | Reached skill level 1 in Summonings
  2068 | D:3      | Reached skill level 1 in Translocations
  2068 | D:3      | Reached skill level 1 in Transmutations
  2068 | D:3      | Reached skill level 1 in Fire Magic
  2068 | D:3      | Reached skill level 1 in Ice Magic
  2068 | D:3      | Reached skill level 1 in Air Magic
  2068 | D:3      | Reached skill level 1 in Earth Magic
  2068 | D:3      | Reached skill level 1 in Poison Magic
  2237 | D:3      | Found a snail-covered altar of Cheibriados.
  2246 | D:3      | Became a worshipper of Cheibriados the Contemplative
  2498 | D:3      | Found a sacrificial altar of Ru.
  2718 | D:4      | Reached XP level 5. HP: 32/37 MP: 12/12
  3205 | D:4      | Found a runed translucent gate.
  3207 | D:4      | Found a runed translucent gate.
  3207 | D:4      | Found a runed translucent gate.
  3207 | D:4      | Found an opulent altar of Gozag.
  3309 | D:3      | Gained mutation: You tend to lose your temper in combat.
                  | [potion of mutation]
  3309 | D:3      | Gained mutation: Armour fits poorly on your strangely
                  | shaped body. [potion of mutation]
  3309 | D:3      | Gained mutation: You are covered in fur. (AC +1) [potion of
                  | mutation]
  3310 | D:3      | HP: 1/37 [gnoll sergeant/+1 spear of flaming (5)]
  3310 | D:3      | Slain by a gnoll sergeant

Illustrated notes

Levels and vault maps discovered:
D:1:      dpeg_arrival_round_a, layout_basic
D:2:      layout_basic, lemuel_round_altar
D:3:      layout_basic, nicolae_ru_path_of_blood, overflow_temple_1_default
D:4:      layout_basic, lemuel_coloured_pillars_altar, portal_sewer_entry_e,
          ebering_ghost_gozag, lightli_minifort

Skill      XL: |  1  2  3  4 |
---------------+-------------+-----
Spellcasting   | 5 |  5.2
Invocations    | 1 |  1.7
Fighting       | 1 |  1.5
Short Blades   | 1 |  1.5
Long Blades    | 1 |  1.5
Axes           | 1 |  1.5
Maces & Flails | 1 |  1.5
Polearms       | 1 |  1.5
Staves         | 1 |  1.5
Slings         | 1 |  1.5
Bows           | 1 |  1.5
Crossbows      | 1 |  1.5
Throwing       | 1 |  1.5
Armour         | 1 |  1.5
Shields        | 1 |  1.5
Unarmed Combat | 1 |  1.5
Evocations     | 1 |  1.5
Conjurations   | 1 |  1.2
Hexes          | 1 |  1.2
Summonings     | 1 |  1.2
Translocations | 1 |  1.2
Transmutations | 1 |  1.2
Fire Magic     | 1 |  1.2
Ice Magic      | 1 |  1.2
Air Magic      | 1 |  1.2
Earth Magic    | 1 |  1.2
Poison Magic   | 1 |  1.2
Dodging        | |  4.8
Stealth        | |  4.4
Necromancy     | |  7.2

Action                   |  1- 3 |  4- 6 || total
-------------------------+-------+-------++-------
Melee: Short sword       |    14 |   107 ||   121
       Bite              |     1 |    19 ||    20
 Cast: Pain              |    32 |    37 ||    69
  Use: Scroll            |       |     7 ||     7
       Potion            |       |     3 ||     3
 Stab: Sleeping          |     1 |       ||     1
Armor: Chain mail        |       |    67 ||    67
       Robe              |       |     1 ||     1
Dodge: Dodged            |    13 |    28 ||    41
Block: Buckler           |       |    22 ||    22

Table legend: (Time is in decaauts)
 A = Elapsed time spent in this place.
 B = Non-inter-level travel time spent in this place.
 C = Inter-level travel time spent in this place.
 D = Time resting spent in this place.
 E = Time spent auto-exploring this place.
 F = Levels seen in this place.
 G = Mean time per level.
                   A        B        C        D        E       F      G
               +--------+--------+--------+--------+--------+-----+--------+
         Total |   3541 |   3364 |    177 |      0 |   2879 |   4 |  885.2 |
       Dungeon |   3541 |   3364 |    177 |      0 |   2879 |   4 |  885.2 |
               +--------+--------+--------+--------+--------+-----+--------+

Top non-repeatable levels by time:
     D:1: 1121 daAuts
     D:2: 934 daAuts
     D:3: 771 daAuts
     D:4: 713 daAuts
